 Dungeon Crawl Stone Soup version 0.24.1-4-ge52af88ad5 (webtiles) character file.

Game seed: 16010840434193900392, levelgen mode: deterministic

105 Peloso the Shield-Bearer (level 4, 0/41 HPs)
             Began as a Minotaur Fighter on Apr 18, 2020.
             Killed by divine providence
             ... invoked by an orc priest
              (14 damage)
             ... on level 3 of the Dungeon.
             The game lasted 00:04:08 (1775 turns).

Peloso the Shield-Bearer (Minotaur Fighter)         Turns: 1775, Time: 00:04:08

Health: 0/41       AC:  9    Str: 20 (21) XL:     4   Next: 54%
Magic:  3/3        EV:  5    Int:  3 (5)  God:
Gold:   136        SH:  9    Dex:  9 (10) Spells: 3/3 levels left

rFire    . . .     SeeInvis +   a - +0 long sword
rCold    . . .     Gourm    +   c - +0 shield
rNeg     . . .     Faith    .   k - +0 chain mail
rPois    .         Spirit   .   (helmet restricted)
rElec    .         Reflect  .   (no cloak)
rCorr    .         Harm     .   (no gloves)
MR       .....                  (no boots)
Stlth    ..........             g - amulet of the gourmand
HPRegen  0.13/turn              n - ring of see invisible
MPRegen  0.08/turn              (no ring)

@: very slightly contaminated, invisible
A: retaliatory headbutt, horns 2
a: no special abilities


You were on level 3 of the Dungeon.
You were full.

You visited 1 branch of the dungeon, and saw 3 of its levels.

You collected 136 gold pieces.

Inventory:

Hand Weapons
 a - a +0 long sword (weapon)
Armour
 b - a +0 scale mail
 c - a +0 shield (worn)
 k - a +0 chain mail (worn)
Jewellery
 e - a +3 amulet of reflection
 g - an amulet of the gourmand (around neck)
 i - a +2 amulet of reflection
 n - a ring of see invisible (left hand)
Scrolls
 j - a scroll of remove curse
 l - a scroll of magic mapping {unknown}
 m - a scroll of fear
 p - a scroll of blinking {unknown}
Potions
 d - a potion of might
 h - a potion of curing
Comestibles
 f - 6 rations


   Skills:
 + Level 4.3 Fighting
 + Level 3.8 Long Blades
 + Level 4.3 Armour
 + Level 0.7 Dodging
 + Level 4.4 Shields


You had 3 spell levels left.
You didn't know any spells.
Your spell library was empty.

Dungeon Overview and Level Annotations

Branches:
Dungeon (3/15)

Altars:
Cheibriados
The Shining One


Innate Abilities, Weirdness & Mutations

You reflexively headbutt those who attack you in melee.
You have a pair of horns on your head.


Message History

The orc writhes in agony.
The orc shouts!
You hit the orc. You headbutt the orc, but do no damage.
The orc is lightly wounded.
You block the orc's attack.
The orc priest calls upon Beogh to heal the orc.
The orc's wounds heal themselves!
Things that are here:
a +0 flail; a +0 scale mail; an orc corpse You hit the orc but do no damage.
Your headbutt misses the orc.
The orc is lightly wounded.
The orc hits you but does no damage. You block the orc's attack.
You hit the orc but do no damage.
The orc is lightly wounded.
The orc barely misses you.
You slash the orc!
You kill the orc!
The orc priest calls down the wrath of Beogh upon you.
Beogh smites you!
You die...

.# .### ... .#
#.#.########..#
#......oo@....#
##.###%#####.####.P
#.....<......≈
.....o....##.###...
##....###.# .#
#...#. #.# .#
...... #.# .#
#...#. #.# .#
##.... #.. ..


You could see an orc priest and an orc.

Vanquished Creatures
  Natasha (D:2)
  An adder (D:2)
  A worm (D:2)
  A dart slug (D:2)
  A leopard gecko (D:2)
  6 orcs
  4 giant cockroaches
  7 goblins
  2 hobgoblins
  4 jackals (D:2)
  2 quokkas (D:2)
  A ball python (D:1)
  7 bats
  4 frilled lizards
  6 kobolds
  11 rats
59 creatures vanquished.

Notes
Turn   | Place    | Note
-------+----------+-------------------------------------------
     0 | D:1      | Peloso the Minotaur Fighter began the quest for the Orb.
     0 | D:1      | Reached XP level 1. HP: 19/19 MP: 0/0
    74 | D:1      | Found a snail-covered altar of Cheibriados.
   266 | D:1      | Reached XP level 2. HP: 27/27 MP: 1/1
   994 | D:2      | Reached XP level 3. HP: 33/33 MP: 2/2
  1311 | D:2      | Found a glowing golden altar of the Shining One.
  1378 | D:2      | Noticed Natasha
  1390 | D:2      | Killed Natasha
  1390 | D:2      | Reached XP level 4. HP: 37/40 MP: 3/3
  1775 | D:3      | Killed from afar by an orc priest

Levels and vault maps discovered:
D:1:      tarquinn_simple_flora_water_f, layout_basic, minmay_misc_feat_hallway,
          cheibriados_altar_1
D:2:      layout_loops_cross, tso_oasis_becter, first_ration, uniq_natasha
D:3:      layout_loops_ring, eat_drink_and_be_merry_uskayaw,
          gammafunk_ghost_nasty_kobolds, chequers_big_river, uniq_grinder

Skill      XL: |  1  2  3 |
---------------+----------+-----
Armour         | 4 |  4.3
Fighting       | 4 |  4.3
Long Blades    | 3 |  3.8
Shields        | 4 |  4.4
Dodging        | |  0.7

Action                   |  1- 3 |  4- 6 || total
-------------------------+-------+-------++-------
Melee: Long sword        |   128 |    33 ||   161
       Headbutt          |    14 |     7 ||    21
  Use: Scroll            |     4 |       ||     4
       Potion            |     1 |     2 ||     3
  Eat: Chunk             |     3 |     5 ||     8
Armor: Scale mail        |    29 |       ||    29
       Chain mail        |    66 |    13 ||    79
Dodge: Dodged            |    33 |     6 ||    39
Block: Shield            |    98 |    19 ||   117
       Rpst.: Long sword |    10 |     2 ||    12
